[Event "Aarhusmesterskabet 2020"]
[Site "Aarhus"]
[Date "2020.02.14"]
[Round "3.6"]
[White "Klitgaard, Thomas"]
[Black "Oehlerich, Per"]
[Result "1-0"]
[ECO "E42"]
[WhiteElo "2187"]
[BlackElo "1935"]
[Annotator "RC"]
[PlyCount "67"]
[EventDate "2020.02.14"]
[EventType "swiss"]
[EventCountry "DEN"]
[SourceTitle "playchess.com"]
[Source "ChessBase"]
[SourceQuality "1"]
[TimeControl "5400+30"]

1. d4 e6 2. c4 Bb4+ 3. Nc3 c5 4. e3 Nf6 5. Nge2 O-O 6. a3 cxd4 7. axb4 dxc3 8. Nxc3 d5 9. cxd5 Nxd5 10. Nxd5 Qxd5 11. Qxd5 exd5 12. b5 Re8 13. Be2 Nd7 14. Bd2 Nc5 15. Bc3 Bf5 16. O-O a6 17. Rfd1 Bc2 18. Rxd5 Nb3 19. Ra3 axb5 20. Rxa8 Rxa8 21. h3 h6 22. Rxb5 Ra1+ 23. Kh2 Nc1 24. Bc4 Bd3 25. Bxd3 Nxd3 26. Kg3 Rf1 27. f3 Nc1 28. Rxb7 Ne2+ 29. Kh2 h5 30. h4 g5 31. Rb8+ Kh7 32. Rh8+ Kg6 33. Rg8+ Kf5 34. Rxg5+ 1-0

[Event "Aarhusmesterskabet 2020"]
[Site "Aarhus"]
[Date "2020.02.15"]
[Round "5.1"]
[White "Schmidt, Tommy B."]
[Black "Danielsen, Henrik"]
[Result "0-1"]
[ECO "A80"]
[WhiteElo "2166"]
[BlackElo "2511"]
[Annotator "ChessBase"]
[PlyCount "142"]
[EventDate "2020.02.14"]
[EventType "swiss"]
[EventCountry "DEN"]
[SourceTitle "playchess.com"]
[Source "ChessBase"]
[SourceQuality "1"]
[TimeControl "40/5400+30:1800+30"]

1. d4 f5 2. Nc3 Nf6 3. Bg5 d5 4. Bxf6 exf6 5. e3 Be6 6. Bd3 Nc6 7. Qf3 Qd7 8. Nge2 Nb4 9. Nf4 Bf7 10. O-O-O Nxd3+ 11. cxd3 O-O-O 12. h3 h5 13. h4 g5 14. Nfe2 Bd6 15. g3 c6 16. Kb1 Kb8 17. Rc1 Bg6 18. Rcd1 Rde8 19. Rd2 Rh7 20. Rc1 Qd8 21. Ka1 Rhe7 22. Rdd1 Qa5 23. Rd2 Qa6 24. Rcd1 b6 25. Kb1 b5 26. b3 Qa5 27. Rc2 Ba3 28. Ka1 Re6 29. Nb1 Bf8 30. Nbc3 a6 31. Kb1 Qb6 32. Ka1 Rd8 33. Qh1 Bd6 34. Qf3 Ba3 35. Qh1 Rd7 36. Qf3 Ka7 37. Qh1 Rb7 38. Qg2 a5 39. Nb1 Be7 40. a3 b4 41. a4 Qa6 42. Nc1 Rd7 43. Ka2 Bf8 44. Rcd2 Bd6 45. Ne2 Rc7 46. Qf3 Re8 47. Kb2 Rec8 48. Qg2 Qb7 49. Rc1 Re8 50. Qf3 Qc8 51. Qg2 Qd7 52. Qf3 Rec8 53. Qg2 Qh7 54. Rcd1 Bf7 55. Qf3 Qg6 56. Rc1 Be6 57. Qh1 f4 58. gxf4 gxf4 59. e4 dxe4 60. dxe4 c5 61. d5 Bd7 62. Rdc2 Be5+ 63. Ka2 c4 64. Rxc4 Rxc4 65. Rxc4 Rxc4 66. bxc4 Bxa4 67. Nd2 Bc2 68. f3 Qe8 69. Qg1+ Ka6 70. Nd4 Qa4+ 71. Kb2 Bd3 0-1

[Event "Aarhusmesterskabet 2020"]
[Site "Aarhus"]
[Date "2020.02.15"]
[Round "5.2"]
[White "Ochsner, Bjorn Moller"]
[Black "Fries-Nielsen, Jens Ove"]
[Result "1-0"]
[ECO "B06"]
[WhiteElo "2472"]
[BlackElo "2373"]
[Annotator "ChessBase"]
[PlyCount "65"]
[EventDate "2020.02.14"]
[EventType "swiss"]
[EventCountry "DEN"]
[SourceTitle "playchess.com"]
[Source "ChessBase"]
[SourceQuality "1"]
[TimeControl "40/5400+30:1800+30"]

1. e4 g6 2. d4 Bg7 3. Nc3 Nc6 4. Be3 d6 5. Qd2 a6 6. f4 b5 7. Nf3 Bd7 8. a3 e6 9. h3 Nf6 10. g4 Ne7 11. Bd3 Bc6 12. Rf1 Qc8 13. f5 exf5 14. gxf5 gxf5 15. e5 Nfd5 16. Bg5 h6 17. Bxe7 Nxe7 18. Nh4 dxe5 19. Nxf5 Nxf5 20. Bxf5 Qd8 21. d5 Qh4+ 22. Rf2 Bb7 23. Qe2 b4 24. axb4 Qxb4 25. O-O-O Rd8 26. Be4 Rd6 27. Rdf1 Rf8 28. Qh5 Rd7 29. Rg2 Bh8 30. Qxh6 Rd6 31. Qh5 Bf6 32. Rgf2 Qb6 33. Rxf6 1-0

[Event "Aarhusmesterskabet 2020"]
[Site "Aarhus"]
[Date "2020.02.15"]
[Round "5.3"]
[White "Dumas, Charles"]
[Black "Hardlei, Johan"]
[Result "1-0"]
[ECO "B22"]
[WhiteElo "2289"]
[BlackElo "2128"]
[Annotator "ChessBase"]
[PlyCount "91"]
[EventDate "2020.02.14"]
[EventType "swiss"]
[EventCountry "DEN"]
[SourceTitle "playchess.com"]
[Source "ChessBase"]
[SourceQuality "1"]
[TimeControl "40/5400+30:1800+30"]

1. e4 c5 2. c3 g6 3. d4 cxd4 4. cxd4 d5 5. Nc3 dxe4 6. Bc4 Nf6 7. Qb3 e6 8. d5 Qb6 9. Qxb6 axb6 10. dxe6 Bxe6 11. Bxe6 fxe6 12. Nge2 Bb4 13. O-O O-O 14. a3 Bxc3 15. Nxc3 Nbd7 16. Bh6 Rfc8 17. Rad1 Ra5 18. Nxe4 Rd5 19. Nc3 Rxd1 20. Rxd1 Kf7 21. h3 Rc7 22. Bf4 e5 23. Bg5 Ke6 24. Rd3 Nc5 25. Rd8 Nfe4 26. Re8+ Kf5 27. Bd8 Rf7 28. Bxb6 Nxc3 29. Bxc5 Na4 30. Bd6 Nxb2 31. Rxe5+ Kf6 32. Re4 Rd7 33. Bc5 Nd3 34. Bd4+ Kf7 35. Be3 Nb2 36. Kf1 Nd3 37. Ke2 Nb2 38. Rb4 Nd3 39. Rb5 Ke6 40. f4 Kf6 41. Rb3 Nxf4+ 42. Bxf4 Kf5 43. Be3 h5 44. Kf3 Rg7 45. Rb5+ Ke6 46. Ke4 1-0

[Event "Aarhusmesterskabet 2020"]
[Site "Aarhus"]
[Date "2020.02.15"]
[Round "5.4"]
[White "Hoiberg, Nina"]
[Black "Nielsen, Viktor Haarmark"]
[Result "1/2-1/2"]
[ECO "B49"]
[WhiteElo "2168"]
[BlackElo "2300"]
[Annotator "ChessBase"]
[PlyCount "66"]
[EventDate "2020.02.14"]
[EventType "swiss"]
[EventCountry "DEN"]
[SourceTitle "playchess.com"]
[Source "ChessBase"]
[SourceQuality "1"]
[TimeControl "40/5400+30:1800+30"]

1. e4 c5 2. Nf3 e6 3. d4 cxd4 4. Nxd4 Nc6 5. Nc3 Qc7 6. Be3 a6 7. Be2 Nf6 8. f4 Bb4 9. Qd3 d5 10. e5 Ne4 11. Nxc6 Qxc6 12. Bd4 Bd7 13. O-O Bxc3 14. bxc3 Rc8 15. Rab1 b5 16. Rf3 O-O 17. Re3 Rc7 18. Bf3 Qc4 19. Bxe4 dxe4 20. Qxc4 Rxc4 21. Rxe4 Rfc8 22. Rb4 Rxb4 23. cxb4 Rxc2 24. Re3 Rd2 25. Bc3 Rxa2 26. Rd3 Be8 27. Rd8 Kf8 28. Bd4 Ke7 29. Rc8 f6 30. Rc7+ Bd7 31. Bc5+ Ke8 32. Ra7 fxe5 33. fxe5 h6 1/2-1/2

[Event "Aarhusmesterskabet 2020"]
[Site "Aarhus"]
[Date "2020.02.15"]
[Round "5.6"]
[White "Holm, Filip"]
[Black "Rossen, Claus"]
[Result "1-0"]
[ECO "B00"]
[WhiteElo "1956"]
[BlackElo "2108"]
[Annotator "NA"]
[PlyCount "55"]
[EventDate "2020.02.14"]
[EventType "swiss"]
[EventCountry "DEN"]
[SourceTitle "playchess.com"]
[Source "ChessBase"]
[SourceQuality "1"]
[TimeControl "40/5400+30:1800+30"]

1. e4 d6 2. d4 Nf6 3. Bd3 g6 4. c4 Bg7 5. Nc3 O-O 6. Nge2 e5 7. d5 a5 8. Be3 Na6 9. f3 Nc5 10. O-O Nfd7 11. Bc2 f5 12. exf5 gxf5 13. f4 e4 14. Nd4 Nf6 15. h3 Qe8 16. Ncb5 Na6 17. Qd2 b6 18. a3 Bd7 19. b4 axb4 20. axb4 Nxd5 21. Nxd6 Qg6 22. N6xf5 Nxe3 23. Ne7+ Kf7 24. Nxg6 Nxf1 25. Rxf1 hxg6 26. Bxe4 Nxb4 27. Bxa8 Rxa8 28. Nf3 1-0

[Event "Aarhusmesterskabet 2020"]
[Site "Aarhus"]
[Date "2020.02.15"]
[Round "5.8"]
[White "Marthedal, Anton Mehmet Yildiz"]
[Black "Zander, Emil"]
[Result "1-0"]
[ECO "A45"]
[WhiteElo "1920"]
[BlackElo "1462"]
[Annotator "NA"]
[PlyCount "59"]
[EventDate "2020.02.14"]
[EventType "swiss"]
[EventCountry "DEN"]
[SourceTitle "playchess.com"]
[Source "ChessBase"]
[SourceQuality "1"]
[TimeControl "40/5400+30:1800+30"]

1. d4 Nf6 2. Bf4 g6 3. Nd2 Bg7 4. e4 d6 5. Ngf3 Bg4 6. Bc4 Nbd7 7. c3 e5 8. Bg5 O-O 9. O-O Nb6 10. Bb3 Re8 11. h3 Bxf3 12. Qxf3 a5 13. a3 Rc8 14. Rfe1 c5 15. d5 c4 16. Ba2 Na4 17. Bxc4 Nc5 18. b4 Na6 19. Bb5 Rf8 20. Bxa6 bxa6 21. Nb3 h6 22. Bxf6 Bxf6 23. Nxa5 Bg5 24. Nc6 Qd7 25. Qd3 Ra8 26. c4 f5 27. c5 Rf6 28. Rad1 fxe4 29. Qxe4 Raf8 30. h4 1-0

[Event "Aarhusmesterskabet 2020"]
[Site "Aarhus"]
[Date "2020.02.15"]
[Round "5.9"]
[White "Thybo, Thomas Sondergaard"]
[Black "Andersen, Claus Nis"]
[Result "1-0"]
[ECO "C42"]
[WhiteElo "2075"]
[BlackElo "1697"]
[Annotator "NA"]
[PlyCount "69"]
[EventDate "2020.02.14"]
[EventType "swiss"]
[EventCountry "DEN"]
[SourceTitle "playchess.com"]
[Source "ChessBase"]
[SourceQuality "1"]
[TimeControl "40/5400+30:1800+30"]

1. e4 e5 2. Nf3 Nf6 3. Nxe5 d6 4. Nf3 Nxe4 5. Nc3 Nxc3 6. dxc3 Be7 7. Be3 Nc6 8. Bc4 Be6 9. Bxe6 fxe6 10. Qe2 Qd7 11. Ng5 Bf6 12. Qh5+ g6 13. Qg4 Bxg5 14. Qxg5 Ne7 15. O-O-O a6 16. h4 O-O-O 17. h5 Rhg8 18. g3 Nf5 19. Bf4 h6 20. Qg4 g5 21. Bd2 e5 22. Kb1 Rdf8 23. Bc1 Ne7 24. Qe2 Qf5 25. f4 gxf4 26. gxf4 e4 27. Rhe1 d5 28. c4 c6 29. cxd5 Nxd5 30. Qxe4 Nxf4 31. Qd4 Nxh5 32. Re5 Qf7 33. Qc5 Ng7 34. Re7 Qf6 35. Rdd7 1-0

[Event "Aarhusmesterskabet 2020"]
[Site "Aarhus"]
[Date "2020.02.15"]
[Round "5.10"]
[White "Knudsen, Philip Uhre"]
[Black "Oehlerich, Per"]
[Result "0-1"]
[ECO "B00"]
[WhiteElo "1779"]
[BlackElo "1935"]
[Annotator "NA"]
[PlyCount "28"]
[EventDate "2020.02.14"]
[EventType "swiss"]
[EventCountry "DEN"]
[SourceTitle "playchess.com"]
[Source "ChessBase"]
[SourceQuality "1"]
[TimeControl "40/5400+30:1800+30"]

1. e4 b6 2. d4 Bb7 3. Nf3 Bxe4 4. Nc3 Bb7 5. Be2 e6 6. O-O Nf6 7. Bf4 Be7 8. Re1 O-O 9. Bd3 d6 10. Nd2 Nbd7 11. Nce4 Re8 12. c3 Nf8 13. Qc2 Nd5 14. Be3 f5 0-1

[Event "Aarhusmesterskabet 2020"]
[Site "Aarhus"]
[Date "2020.02.16"]
[Round "6.10"]
[White "Nguyen, Phong Van"]
[Black "Poulsen, Knud"]
[Result "1-0"]
[ECO "B23"]
[WhiteElo "1743"]
[BlackElo "1727"]
[Annotator "NA RC"]
[PlyCount "73"]
[EventDate "2020.02.14"]
[EventType "swiss"]
[EventCountry "DEN"]
[SourceTitle "playchess.com"]
[Source "ChessBase"]
[SourceQuality "1"]
[TimeControl "40/5400+30:1800+30"]

1. e4 c5 2. Nc3 Nc6 3. f4 e6 4. Bb5 g6 5. Bxc6 dxc6 6. Nf3 Bg7 7. O-O Ne7 8. e5 Nf5 9. Ne4 O-O 10. Kh1 b6 11. b3 Ba6 12. c4 Qe7 13. Bb2 Rad8 14. g4 Nd4 15. Nxd4 cxd4 16. g5 c5 17. d3 Bb7 18. Qe1 h5 19. gxh6 Bxh6 20. Qg3 f5 21. exf6 Rxf6 22. Kg1 Bxe4 23. dxe4 Qf7 24. Qh4 Qg7 25. e5 Rff8 26. Qg4 Rf5 27. Rf3 Rdf8 28. Raf1 Qf7 29. Bc1 Kh7 30. Kg2 Qb7 31. Qh4 Kg7 32. Kg1 Rh8 33. Rg3 Qf7 34. Qg4 Kh7 35. Rf2 g5 36. fxg5 Rxf2 37. g6+ 1-0

[Event "Aarhusmesterskabet 2020"]
[Site "Aarhus"]
[Date "2020.02.16"]
[Round "6.11"]
[White "Zander, Emil"]
[Black "Nielsen, Ture Jungberg"]
[Result "0-1"]
[ECO "A45"]
[WhiteElo "1462"]
[BlackElo "1760"]
[Annotator "NA RC"]
[PlyCount "26"]
[EventDate "2020.02.14"]
[EventType "swiss"]
[EventCountry "DEN"]
[SourceTitle "playchess.com"]
[Source "ChessBase"]
[SourceQuality "1"]
[TimeControl "40/5400+30:1800+30"]

1. d4 Nf6 2. Bf4 c5 3. e3 Qb6 4. b3 d5 5. Nf3 Bg4 6. Be2 Nc6 7. c3 e6 8. O-O Be7 9. h3 Bf5 10. Nh4 Bxb1 11. Qxb1 Ne4 12. Nf3 Nxc3 13. dxc5 Nxe2+ 0-1

[Event "Aarhusmesterskabet 2020"]
[Site "Aarhus"]
[Date "2020.02.16"]
[Round "7.2"]
[White "Ochsner, Bjorn Moller"]
[Black "Nielsen, Viktor Haarmark"]
[Result "1-0"]
[ECO "B40"]
[WhiteElo "2472"]
[BlackElo "2300"]
[Annotator "ChessBase"]
[PlyCount "65"]
[EventDate "2020.02.14"]
[EventType "swiss"]
[EventCountry "DEN"]
[SourceTitle "playchess.com"]
[Source "ChessBase"]
[SourceQuality "1"]
[TimeControl "40/5400+30:1800+30"]

1. e4 c5 2. Nf3 e6 3. c3 Nf6 4. e5 Nd5 5. Bc4 d6 6. d4 cxd4 7. cxd4 Nc6 8. O-O Be7 9. exd6 Qxd6 10. Nc3 Nxc3 11. bxc3 O-O 12. Re1 b6 13. Qe2 Bb7 14. Bd3 Na5 15. Ne5 Qd5 16. Qg4 f5 17. Qg3 Rac8 18. Bf1 Qd8 19. Bh6 Bf6 20. h4 Bd5 21. h5 Nc6 22. Nd3 Rf7 23. Bd2 Bc4 24. Nf4 Bxf1 25. Nxe6 Qd7 26. Kxf1 b5 27. Bg5 Bxg5 28. Qxg5 Rf6 29. d5 Nd8 30. Nxg7 Qxg7 31. Re8+ Rf8 32. Rxf8+ Kxf8 33. Qxf5+ 1-0

[Event "Aarhusmesterskabet 2020"]
[Site "Aarhus"]
[Date "2020.02.16"]
[Round "7.3"]
[White "Dumas, Charles"]
[Black "Schmidt, Tommy B."]
[Result "1/2-1/2"]
[ECO "C03"]
[WhiteElo "2289"]
[BlackElo "2166"]
[Annotator "ChessBase"]
[PlyCount "88"]
[EventDate "2020.02.14"]
[EventType "swiss"]
[EventCountry "DEN"]
[SourceTitle "playchess.com"]
[Source "ChessBase"]
[SourceQuality "1"]
[TimeControl "40/5400+30:1800+30"]

1. e4 e6 2. d4 d5 3. Nd2 Be7 4. Ngf3 Nf6 5. e5 Nfd7 6. Bd3 c5 7. c3 cxd4 8. cxd4 Nc6 9. O-O a5 10. a4 g5 11. Nb3 g4 12. Ne1 f5 13. exf6 Nxf6 14. Bh6 Qb6 15. Rc1 Bd7 16. Bb5 Rg8 17. Nc5 Bd6 18. Be3 h5 19. Ned3 Qc7 20. g3 Ke7 21. Bf4 Ne4 22. Re1 Nxc5 23. Bxd6+ Qxd6 24. Nxc5 Rab8 25. Qd3 Rg7 26. Qe3 Rg6 27. b3 Be8 28. Bxc6 bxc6 29. Qc3 Qd8 30. Re5 Rf6 31. Rce1 Bf7 32. Qe3 Qg8 33. Rg5 Qh7 34. Qe5 Rc8 35. Nb7 Qc2 36. Re2 Qd1+ 37. Kg2 Qxb3 38. Qd6+ Ke8 39. Nc5 Qf3+ 40. Kg1 Qxe2 41. Qd7+ Kf8 42. Qxc8+ Be8 43. Nd7+ Ke7 44. Nxf6 Qd1+ 1/2-1/2

[Event "Aarhusmesterskabet 2020"]
[Site "Aarhus"]
[Date "2020.02.16"]
[Round "7.6"]
[White "Klitgaard, Thomas"]
[Black "Thybo, Thomas Sondergaard"]
[Result "1/2-1/2"]
[ECO "A45"]
[WhiteElo "2187"]
[BlackElo "2075"]
[Annotator "ChessBase"]
[PlyCount "92"]
[EventDate "2020.02.14"]
[EventType "swiss"]
[EventCountry "DEN"]
[SourceTitle "playchess.com"]
[Source "ChessBase"]
[SourceQuality "1"]
[TimeControl "40/5400+30:1800+30"]

1. d4 Nf6 2. Bg5 c5 3. d5 Ne4 4. Bf4 e6 5. f3 Bd6 6. Bxd6 Nxd6 7. e4 b5 8. dxe6 dxe6 9. e5 Qh4+ 10. g3 Qb4+ 11. Nc3 Nf5 12. Bxb5+ Bd7 13. Qd3 Nd4 14. Bxd7+ Nxd7 15. Rb1 Nxe5 16. Qe4 Ndxf3+ 17. Nxf3 Qxe4+ 18. Nxe4 Nxf3+ 19. Kf2 Ne5 20. Rhd1 Nd7 21. Rd6 Ke7 22. Rbd1 Rhd8 23. Ra6 h6 24. Ke2 f5 25. Nc3 Rdb8 26. Na4 Rb4 27. c3 Re4+ 28. Kf1 Re5 29. Rxd7+ Kxd7 30. Nb6+ axb6 31. Rxa8 g5 32. Rh8 Kc6 33. c4 Re4 34. b3 g4 35. Rxh6 b5 36. cxb5+ Kxb5 37. h3 gxh3 38. Rxh3 Re3 39. Rh6 Rxg3 40. Rxe6 Rh3 41. Re2 Kb4 42. Rf2 Rh1+ 43. Ke2 Ra1 44. Kf3 Ka3 45. Rc2 Rxa2 46. Rxc5 Kxb3 {[%emt 0:00:09] Ke4} 1/2-1/2

[Event "Aarhusmesterskabet 2020"]
[Site "Aarhus"]
[Date "2020.02.16"]
[Round "7.8"]
[White "Marthedal, Anton Mehmet Yildiz"]
[Black "Nguyen, Phong Van"]
[Result "0-1"]
[ECO "A40"]
[WhiteElo "1920"]
[BlackElo "1743"]
[Annotator "ChessBase"]
[PlyCount "72"]
[EventDate "2020.02.14"]
[EventType "swiss"]
[EventCountry "DEN"]
[SourceTitle "playchess.com"]
[Source "ChessBase"]
[SourceQuality "1"]
[TimeControl "40/5400+30:1800+30"]

1. d4 e6 2. Bf4 b6 3. e3 Bb7 4. Nf3 Nf6 5. Bd3 g6 6. Nbd2 Bg7 7. Qe2 d6 8. e4 O-O 9. h4 h6 10. Rg1 c5 11. dxc5 bxc5 12. g4 d5 13. e5 Nfd7 14. c3 Nc6 15. Qe3 d4 16. Qe2 dxc3 17. bxc3 Ndxe5 18. Be4 Nxf3+ 19. Qxf3 Qf6 20. Rb1 e5 21. Rxb7 exf4 22. Bxc6 Rad8 23. g5 Qe6+ 24. Ne4 Kh8 25. gxh6 Bxh6 26. Bb5 f5 27. Rxa7 fxe4 28. Qg4 Qd6 29. Rd7 Rxd7 30. Qxd7 Qf6 31. Qd2 e3 32. Qc2 f3 33. Rxg6 exf2+ 34. Kxf2 Qxh4+ 35. Kf1 Qh1+ 36. Rg1 Qh3+ 0-1

[Event "Aarhusmesterskabet 2020"]
[Site "Aarhus"]
[Date "2020.02.16"]
[Round "7.9"]
[White "Andersen, Claus Nis"]
[Black "Hansen, Morten Lyck"]
[Result "1/2-1/2"]
[ECO "D87"]
[WhiteElo "1697"]
[BlackElo "1984"]
[Annotator "ChessBase"]
[PlyCount "42"]
[EventDate "2020.02.14"]
[EventType "swiss"]
[EventCountry "DEN"]
[SourceTitle "playchess.com"]
[Source "ChessBase"]
[SourceQuality "1"]
[TimeControl "40/5400+30:1800+30"]

1. d4 Nf6 2. c4 g6 3. Nc3 d5 4. cxd5 Nxd5 5. e4 Nxc3 6. bxc3 Bg7 7. Bc4 O-O 8. Ne2 c5 9. Be3 Nc6 10. O-O Qc7 11. Rc1 Rd8 12. Qc2 Na5 13. Bb3 Nxb3 14. axb3 b6 15. Rfd1 Ba6 16. c4 cxd4 17. Nxd4 e5 18. Ne2 Rxd1+ 19. Rxd1 Rd8 20. Nc3 Rxd1+ 21. Qxd1 Qd8 1/2-1/2